 Dungeon Crawl Stone Soup version 0.27-a0-590-g94244163b4 (webtiles) character file.

Game seed: 1304125178397140949

15 kae the Ruffian (level 2, 0/25 HPs)
             Began as a Naga Transmuter on Mar 10, 2021.
             Slain by a goblin
             ... wielding a +2 vampiric dagger
              (5 damage)
             ... on level 1 of the Dungeon.
             The game lasted 00:00:37 (407 turns).

kae the Ruffian (Naga Transmuter)                    Turns: 407, Time: 00:00:37

Health: 0/25       AC:  1    Str: 12    XL:     2   Next: 50%
Magic:  5/5        EV: 10    Int: 13    God:
Gold:   9          SH:  0    Dex: 11    Spells: 4/5 levels left

rFire    . . .     SeeInvis +     - Unarmed
rCold    . . .     Faith    .   (no shield)
rNeg     . . .     Spirit   .   a - +0 robe
rPois    +         Reflect  .   (no helmet)
rElec    .         Harm     .   (no cloak)
rCorr    .         Rampage  .   (no gloves)
Will     .....                  (no barding)
Stlth    +.........             (no amulet)
HPRegen  0.08/turn              (no ring)
MPRegen  0.09/turn              (no ring)

@: short of breath, very slow
A: large, see invisible, deformed body, poison resistance, slowness 2, spit
poison 1, naga tail 1, AC +0
a: Spit Poison


You were on level 1 of the Dungeon.
You visited 1 branch of the dungeon, and saw 1 of its levels.

You collected 9 gold pieces.

Inventory:

Armour
 a - a +0 robe (worn)
Scrolls
 c - a scroll of identify {unknown}
Potions
 b - a potion of might {unknown}


   Skills:
 + Level 1.2 Fighting
 + Level 1.7 Dodging
 * Level 3.2 Unarmed Combat
 + Level 2.1 Spellcasting
 * Level 2.3 Transmutations


You had 4 spell levels left.
You knew the following spells:

 Your Spells              Type           Power      Damage    Failure   Level
a - Beastly Appendage     Tmut           14%        N/A       10%         1

Your spell library contained the following spells:

 Spells                   Type           Power      Damage    Failure   Level
 Wereblood                Tmut           7%         N/A       14%         2
 Spider Form              Tmut/Pois      2%         N/A       43%         3
 Ice Form                 Ice/Tmut       4%         N/A       83%         4
 Blade Hands              Tmut           3%         N/A       95%         5


Dungeon Overview and Level Annotations

Branches:
Dungeon (1/15)

Altars:


Innate Abilities, Weirdness & Mutations

Your serpentine skin is tough. (AC +0)
You have supernaturally acute eyesight. (SInv)
Armour fits poorly on your strangely shaped body.
Your system is resistant to poisons. (rPois)
You cover ground very slowly.
You can spit poison.
You have a snake-like lower body.


Message History

The hobgoblin is almost dead.
You kill the hobgoblin!
The goblin hits you but does no damage.
You barely miss the goblin.
The goblin hits you with a +2 vampiric dagger!
The goblin closely misses you.
Your magical contamination has completely faded away.
You hit the goblin.
The goblin is moderately wounded.
The goblin hits you but does no damage. The goblin hits you with a +0 club.
You are too injured to fight recklessly!
You are too injured to fight recklessly!
You are too injured to fight recklessly!
You are too injured to fight recklessly!
You are too injured to fight recklessly!
You are too injured to fight recklessly!
You are too injured to fight recklessly!
You can't do that yet.
You can't do that yet.
You can't do that yet.
You can't do that yet.
You hit the goblin but do no damage.
The goblin is moderately wounded.
You have got your breath back.
The goblin closely misses you. The goblin hits you with a +0 club.
Abil: Spit Poison
Press: ? - help, Q - select action, (/) - cycle Shift-Dir - straight line, f - goblin
Aim: a goblin, wielding a +2 vampiric dagger (moderately wounded)
The splash of poison misses the goblin.
The goblin hits you but does no damage. The goblin hits you with a +0 club.
You barely miss the goblin.
The goblin hits you with a +2 vampiric dagger.
* * * LOW HITPOINT WARNING * * *
The goblin draws strength from your wounds!
The goblin closely misses you.
You closely miss the goblin. The goblin barely misses you.
You barely miss the goblin. The goblin hits you with a +0 club.
* * * LOW HITPOINT WARNING * * *
The goblin hits you with a +2 vampiric dagger.
You die...

####..PPP♣♣.....#################
...'.P..PP...........(.........##
####...##........############....
####..........# #....
#PPPP♣......# #.... #..♣♣P......#
#.... #PPP♣♣......# ##'## ##
♣.####..####### #.## #.P##
#.@g...... #... ..... #..g......
#### #..... #.......(. # #.....
#.......P♣ # #..... #.#..♣...♣ #
#..... #.PP.♣♣P.. #..... #.?.♣♣
... .. .♣ ..


You could see 2 goblins.

Vanquished Creatures
  2 giant cockroaches (D:1)
  A goblin (D:1)
  3 hobgoblins (D:1)
  A kobold (D:1)
  2 bats (D:1)
  3 frilled lizards (D:1)
  2 rats (D:1)
14 creatures vanquished.

Notes
Turn   | Place    | Note
-------+----------+-------------------------------------------
     0 | D:1      | kae the Naga Transmuter began the quest for the Orb.
     0 | D:1      | Reached XP level 1. HP: 18/18 MP: 3/3
   180 | D:1      | Reached XP level 2. HP: 25/25 MP: 5/5
   407 | D:1      | Slain by a goblin

Illustrated notes

Levels and vault maps discovered:
D:1:      lightli_arrival_farm, layout_basic, serial_forest,
          infiniplex_forest_clump_double, infiniplex_forest_lined_room_2,
          infiniplex_forest_end_3, infiniplex_forest_clump_long,
          infiniplex_forest_clump_small, infiniplex_forest_corner_2,
          infiniplex_forest_clump_medium

Action                   || total
-------------------------++-------
Melee: Unarmed           ||    32
       Headbutt          ||     2
 Cast: Beastly Appendage ||     6
 Abil: Spit Poison       ||    14
Armor: Robe              ||     9
Dodge: Dodged            ||    23

Table legend: (Time is in decaauts)
 A = Elapsed time spent in this place.
 B = Non-inter-level travel time spent in this place.
 C = Inter-level travel time spent in this place.
 D = Time resting spent in this place.
 E = Time spent auto-exploring this place.
 F = Levels seen in this place.
 G = Mean time per level.
                   A        B        C        D        E       F      G
               +--------+--------+--------+--------+--------+-----+--------+
         Total |    495 |    495 |      0 |      0 |    382 |   1 |  495.0 |
       Dungeon |    495 |    495 |      0 |      0 |    382 |   1 |  495.0 |
               +--------+--------+--------+--------+--------+-----+--------+

Top non-repeatable levels by time:
     D:1: 495 daAuts
